 Dungeon Crawl Stone Soup version 0.21-a0-404-g291f19a (webtiles) character file.

22 nReaper the Skirmisher (level 2, -10/24 HPs)
             Began as a Demonspawn Abyssal Knight on Oct 27, 2017.
             Was a Follower of Lugonu.
             Mangled by Sigmund
             ... wielding a +0 scythe
              (13 damage)
             ... on level 2 of the Dungeon.
             The game lasted 00:10:24 (725 turns).

nReaper the Skirmisher (Demonspawn Abyssal Knight)   Turns: 725, Time: 00:10:25

Health: -10/24     AC:  2    Str: 12    XL:     2   Next: 68%
Magic:  4/4        EV: 12    Int: 13    God:    Lugonu [*.....]
Gold:   32         SH:  0    Dex: 17    Spells: 1/1 levels left

rFire    . . .     SeeInvis .   a - +1 falchion
rCold    . . .     Gourm    .   (no shield)
rNeg     . . .     Faith    .   k - +0 robe (curse)
rPois    .         Spirit   .   (helmet restricted)
rElec    .         Reflect  .   (no cloak)
rCorr    .         Harm     .   (no gloves)
MR       .....                  (no boots)
Stlth    ++........             (no amulet)
HPRegen  0.08/turn              j - +5 ring of dexterity
MPRegen  0.09/turn              (no ring)

@: no status effects
A: horns 1
a: Depart the Abyss, Renounce Religion


You were on level 2 of the Dungeon.
You worshipped Lugonu.
Lugonu was aware of your devotion.
You were not hungry.

You visited 1 branch of the dungeon, and saw 2 of its levels.
You visited the Abyss 1 time.

You collected 32 gold pieces.

Inventory:

Hand Weapons
 a - a +1 falchion (weapon)
 g - a +0 club
Missiles
 e - 42 stones (quivered)
Armour
 b - a +0 leather armour
 d - a cursed +0 naga barding
 h - a +0 robe
 k - a cursed +0 robe (worn)
 m - a +0 ring mail
Jewellery
 j - a +5 ring of dexterity (left hand)
Scrolls
 f - a scroll of teleportation {unknown}
 i - a scroll of amnesia {unknown}
Potions
 n - a potion of brilliance {unknown}
Comestibles
 c - a bread ration
 l - a royal jelly


   Skills:
 + Level 3.2 Fighting
 + Level 2.0 Long Blades
 + Level 2.0 Armour
 + Level 0.8 Dodging
 + Level 0.4 Stealth
 + Level 3.2 Invocations


You had one spell level left.
You didn't know any spells.

Dungeon Overview and Level Annotations

Branches:
Dungeon (2/15)

Altars:

Annotations:
D:2 Sigmund, Terence


Innate Abilities, Weirdness & Mutations

You have a pair of small horns on your head.


Message History

Sigmund zaps a wand.
The puff of flame hits you!
* * * LOW HITPOINT WARNING * * *
It is a wand of flame (?/48).
Sigmund closely misses you.
You riposte.
You completely miss Sigmund.
Sigmund is moderately wounded.
Sigmund mumbles some strange words.
Sigmund flickers and vanishes!
Deactivating autopickup; reactivate with Ctrl-A.
Found a long sword and a scroll labeled NENLOL TU CAPO.
There is a strange disturbance nearby!
There is a strange disturbance nearby!
There is a strange disturbance nearby!
You start resting.
Something hits you.
* * * LOW HITPOINT WARNING * * *
There is a strange disturbance nearby!
You hit something but do no damage. Something hits you.
* * * LOW HITPOINT WARNING * * *
Something hits you!
Ouch! That really hurt!
You die...

#.#.....# #.#
##########.#.#########.#@#
#<..†............#.....#.#
..........#.#.#.#.#.#####.#
# ..l.....#.#.#.### #.#
###.##.## #######.#.#.#..
#.# #...!....
#.#.#.#######.# #.....<..
#.#.........{.###........
..........@......†.......
####.####.#########.#####
... # ###. .. ). ?.. ##+


There were no monsters in sight!

Vanquished Creatures
  An adder (D:2)
  A dart slug (D:2)
  2 goblins (D:1)
  3 hobgoblins (D:1)
  A bat (D:1)
  2 kobolds (D:1)
  2 rats (D:1)
12 creatures vanquished.

Notes
Turn   | Place    | Note
-------+----------+-------------------------------------------
     0 | Abyss:1  | nReaper the Demonspawn Abyssal Knight began the quest for the Orb.
     0 | Abyss:1  | Reached XP level 1. HP: 18/18 MP: 2/2
    11 | D:1      | Escaped the Abyss
   256 | D:1      | Reached * piety under Lugonu
   314 | D:1      | Gained mutation: You have a pair of small horns on your head. [demonic ancestry]
   314 | D:1      | Reached XP level 2. HP: 5/24 MP: 3/3
   706 | D:2      | Noticed Sigmund
   708 | D:2      | Noticed Terence
   725 | D:2      | Mangled by Sigmund

Vault maps used:
D:1:      scummos_arrival_simple_fountains, corexii_hall_statues_u
D:2:      marbit_many_paths, uniq_terence, uniq_natasha, uniq_sigmund

Skill      XL: |  1  2 |
---------------+-------+-----
Long Blades    | 2 |  2.0
Armour         | 2 |  2.0
Invocations    | 3 |  3.2
Fighting       | |  3.2
Dodging        | |  0.8
Stealth        | |  0.4

Action                   || total
-------------------------++-------
Melee: Falchion          ||    42
       Headbutt          ||     1
Invok: Depart the Abyss  ||     1
Armor: Leather armour    ||     3
       Robe              ||     1
Dodge: Dodged            ||    23
       Rpst.: Falchion   ||     9

Table legend:
 A = Spawn XP
 B = Non-spawn XP
 C = Spawn XP percentage of total XP
 D = Spawn monster count
 E = Non-spawn monster count
 F = Spawn count percentage of total count
 G = Total turns spent on level
                    A         B        C        D         E        F      G
               +---------+---------+-------+---------+---------+-------+---------
         Total |       0 |      32 |   0.0 |       0 |      12 |   0.0 |   725
               +---------+---------+-------+---------+---------+-------+---------
           D:1 |       0 |      15 |   0.0 |       0 |      10 |   0.0 |   610
           D:2 |       0 |      17 |   0.0 |       0 |       2 |   0.0 |   104
               +---------+---------+-------+---------+---------+-------+---------
